 Dungeon Crawl Stone Soup version 0.20.0-4-g10b340a (webtiles) character file.

259380 greprep the Hoplite (level 19, -6/153 HPs)
             Began as a Minotaur Fighter on May 27, 2017.
             Was a High Priest of Trog.
             Splashed with acid (33 damage)
             ... on level 4 of the Pits of Slime.
             The game lasted 01:42:03 (38633 turns).

greprep the Hoplite (Minotaur Fighter)             Turns: 38633, Time: 01:42:04

Health: -6/153     AC: 19    Str: 40 (41) XL:     19   Next: 53%
Magic:  30/30      EV: 21    Int:  7      God:    Trog [*****.]
Gold:   2166       SH: 36    Dex: 21      Spells: 22/22 levels left

rFire    + + .     SeeInvis .   V - +11 falchion of Ycicann {elec, MP+9 Str+7}
rCold    . . .     Gourm    +   u - +8 large shield
rNeg     . . .     Faith    .   X - +7 ring mail "Wirroixeo" {rPois Dex+4 Slay+3 Stlth-}
rPois    +         Spirit   .   s - +2 hat of Mirth {rF+ Str+4}
rElec    .         Reflect  .   q - scarf {repulsion}
rCorr    .         Harm     .   R - +2 pair of gloves
MR       ++++.                  x - +0 pair of boots
Stlth    +.........             w - amulet "Ethysmov" {Gourm Str+2}
Regen    1.4/turn               n - ring of Neny {*Drain rF+ MR+ Str+3 Dex+3}
MPRegen  0.3/turn               W - +4 ring of slaying

@: about to teleport, regenerating, studying Maces & Flails, repel missiles
A: retaliatory headbutt, horns 2, clever 1, deformed body, deterioration 1,
frail 1, subdued magic 3, MP-powered wands
}: 1/15 runes: serpentine
a: Berserk, Trog's Hand, Brothers in Arms, Burn Spellbooks, Renounce Religion


You were on level 4 of the Pits of Slime.
You worshipped Trog.
Trog was extremely pleased with you.
You were very hungry.

You visited 6 branches of the dungeon, and saw 32 of its levels.
You also visited: Bailey.

You collected 3958 gold pieces.
You spent 1792 gold pieces at shops.

Inventory:

Hand Weapons
 y - the +10 double sword of Accord {elec, *Noise rPois Int+10 SInv}
   (Trog gifted it to you on level 3 of the Snake Pit)

   Occasionally, upon striking a foe, it will discharge some electrical energy
   and cause terrible harm.
   It affects your intelligence (+10).
   It protects you from poison.
   It lets you see invisible.
   It may make noises in combat.
 D - the +8 trident of the Octopus King {venom, rElec rPois MR+}
   (You found it on level 6 of the Dungeon)

   It poisons the flesh of those it strikes.
   It insulates you from electricity.
   It protects you from poison.
   It affects your resistance to hostile enchantments.
 J - the +4 trident "Ihohia" {flame, rC+ rN+ MR++ Stlth-}
   (Trog gifted it to you on level 1 of the Pits of Slime)

   It has been specially enchanted to burn those struck by it, causing extra
   injury to most foes and up to half again as much damage against particularly
   susceptible opponents.
   It protects you from cold.
   It protects you from negative energy.
   It affects your resistance to hostile enchantments.
   It makes you less stealthy.
 N - the +7 falchion of Precise Incision {freeze, Int+4 Dex+2}
   (Trog gifted it to you on level 3 of the Pits of Slime)

   It has been specially enchanted to freeze those struck by it, causing extra
   injury to most foes and up to half again as much damage against particularly
   susceptible opponents.
   It can also slow down cold-blooded creatures.
   It affects your intelligence (+4).
   It affects your dexterity (+2).
 V - the +11 falchion of Ycicann (weapon) {elec, MP+9 Str+7}
   (You found it on level 14 of the Dungeon)

   Occasionally, upon striking a foe, it will discharge some electrical energy
   and cause terrible harm.
   It affects your strength (+7).
   It affects your magic capacity (+9).
Armour
 c - a +5 plate armour of magic resistance
 q - a scarf of repulsion (worn)
 s - the +2 hat of Mirth (worn) {rF+ Str+4}
   (You acquired it on level 1 of the Lair of Beasts)

   It affects your strength (+4).
   It protects you from fire.
 u - a +8 large shield (worn)
 x - a +0 pair of boots (worn)
 L - the scarf of Kiushriess {rC+ Str+3}
   (You acquired it on level 4 of the Snake Pit)

   It affects your strength (+3).
   It protects you from cold.
 R - a +2 pair of gloves (worn)
 X - the +7 ring mail "Wirroixeo" (worn) {rPois Dex+4 Slay+3 Stlth-}
   (You found it on level 15 of the Dungeon)

   It affects your dexterity (+4).
   It affects your accuracy and damage with ranged weapons and melee attacks
   (+3).
   It protects you from poison.
   It makes you less stealthy.
Jewellery
 a - the ring "Gozxat" {rCorr *Corrode Str+6}
   (You found it on level 11 of the Dungeon)

   [ring of resist corrosion]

   It affects your strength (+6).
   It may corrode you when you take damage.
 n - the ring of Neny (left hand) {*Drain rF+ MR+ Str+3 Dex+3}
   (You bought it in a shop on level 2 of the Orcish Mines)

   [ring of protection from fire]

   It affects your strength (+3).
   It affects your dexterity (+3).
   It protects you from fire.
   It affects your resistance to hostile enchantments.
   It causes draining when unequipped.
 t - a cursed -4 ring of protection {unknown}
 w - the amulet "Ethysmov" (around neck) {Gourm Str+2}
   (You found it on level 1 of the Lair of Beasts)

   [amulet of the gourmand]

   It allows you to eat raw meat even when not hungry.
   It affects your strength (+2).
 H - an uncursed ring of positive energy
 I - a cursed -5 ring of strength
 W - a +4 ring of slaying (right hand)
 Y - an uncursed ring of positive energy
Wands
 e - a wand of digging (21/24)
 h - a wand of lightning (6/15)
 o - a wand of flame (8/48)
 C - a wand of lightning (5/15)
 P - a wand of lightning (7/15)
 T - a wand of digging (9/24)
Scrolls
 g - 2 scrolls of recharging
 j - 7 scrolls of teleportation
 l - 17 scrolls of remove curse
 m - a scroll of summoning
 p - a scroll of enchant weapon
 v - a scroll of brand weapon
 A - a scroll of vulnerability {unknown}
 B - 3 scrolls of fear
 O - 2 scrolls of blinking
 Q - a scroll of magic mapping
 S - a scroll of holy word {unknown}
 Z - 5 scrolls of fog
Potions
 d - 4 potions of might
 i - 9 potions of curing
 k - 2 potions of brilliance
 E - 4 potions of haste
 F - 4 potions of flight
 G - 3 potions of ambrosia
 M - 5 potions of agility
 U - a potion of berserk rage
Books
 b - a manual of Maces & Flails
Comestibles
 f - 13 bread rations
 r - 11 meat rations
 K - 3 royal jellies


   Skills:
 * Level 15.4 Fighting
 * Level 15.9 Long Blades
 - Level 15.1 Polearms
 - Level 12.3 Armour
 - Level 11.6 Dodging
 - Level 3.8 Stealth
 * Level 22.6 Shields
 - Level 2.3 Spellcasting


You had 22 spell levels left.
You didn't know any spells.

Dungeon Overview and Level Annotations

Branches:
Dungeon (15/15)            Temple (1/1) D:5            Lair (6/6) D:9
  Swamp (0/4) Lair:2        Snake (4/4) Lair:2        Slime (4/5) Lair:6
    Orc (2/2) D:9             Elf (0/3) Orc:2        Vaults (0/5) D:13
 Depths (0/5) D:15

Altars:
Ashenzari
Cheibriados
Dithmenos
Elyvilon
Fedhas
Gozag
Hepliaklqana
Kikubaaqudgha
Makhleb
Nemelex Xobeh
Okawaru
Qazlal
Ru
Sif Muna
Trog
Uskayaw
Vehumet
Xom
Yredelemnul
Zin
The Shining One
Beogh
Jiyva

Shops:
D:4 =   D:5 (   D:6 (   Orc:2 (=*[(   Snake:3 =}=


Innate Abilities, Weirdness & Mutations

You reflexively headbutt those who attack you in melee.
You have a pair of horns on your head.
Your mind is acute. (Int +2)
Armour fits poorly on your strangely shaped body.
Your body sometimes deteriorates upon taking damage.
You are frail. (-10% HP)
Your spells are much easier to cast, but much less powerful.
You expend magic power (3 MP) to strengthen your wands.


Message History

You are splashed with acid!
The walls burn you!
You completely miss the slime creature. You headbutt the slime creature!
The slime creature is almost dead.
You are splashed with acid!
The walls burn you! You block the slime creature's attack.
The slime creature hits you.
Unknown command.
As you read the scroll of teleportation, it crumbles to dust.
You feel strangely unstable.
You are splashed with acid!
The walls burn you!
You block the slime creature's attack. x2
Okay, then.
Your skin crawls.
You feel resistant to hostile enchantments.
You are feeling very hungry.
You are splashed with acid!
The walls burn you!
* * * LOW HITPOINT WARNING * * *
The slime creature hits you!
* * * LOW HITPOINT WARNING * * *
You block the slime creature's attack.
You feel much better.
You are splashed with acid!
The walls burn you!
You die...

### #.## # ## ...
###...##J##
..#####.## .#...@#
^..#.....##....J##
..............##
......#.....#
.......#..## ##
.......#...##.##
..........##...#
#.............#
..............###


You could see 2 slime creatures.

Vanquished Creatures
  Vashnia (Snake:3)
  Saint Roka (Snake:2)
  5 acid blobs
  Agnes (D:15)
  5 azure jellies
  Donald (Snake:1)
  7 nagarajas
  Aizul (Snake:1)
  A fire giant (D:15)
  2 orc warlords
  A stone giant (Orc:1)
  3 dire elephants (Lair:6)
  The ghost of salade2fruit the Eclecticist, a journeyman FeVM of Nemelex Xobeh (Snake:1)
  An ogre mage (D:11)
  Harold (D:10)
  4 vault guards
  7 hydras
  16 naga warriors
  A death knight (D:15)
  9 anacondas
  10 centaur warriors
  8 two-headed ogres
  4 death yaks (Lair:6)
  16 naga sharpshooters
  An orc high priest (Orc:2)
  Urug (D:11)
  6 shock serpents
  Nergalle (D:11)
  6 skeletal warriors
  A salamander mystic (Snake:4)
  A sea snake (Lair:2)
  A wizard (D:15)
  5 unseen horrors
  5 naga ritualists
  A necromancer (Lair:3)
  Pikel (D:4)
  A phantasmal warrior (D:15)
  4 orc knights
  3 orc sorcerers (Orc:2)
  3 oklob plants
  6 manticores
  20 ugly things
  A wolf spider (D:15)
  4 mana vipers
  3 cyclopes
  8 shining eyes
  2 salamanders
  23 black mambas
  Maurice (D:10)
  25 naga magi
  3 eyes of devastation
  9 elephants (Lair:6)
  3 guardian serpents
  3 gargoyles
  20 spiny frogs
  An efreet (D:15)
  A rime drake (Lair:4)
  8 komodo dragons
  A tengu conjurer (D:11)
  A freezing wraith (D:15)
  A polar bear (shapeshifter) (D:14)
  10 trolls
  2 polar bears
  3 meliai (D:14)
  4 hornets
  83 slime creatures
  5 blink frogs
  12 hippogriffs
  A meliai zombie (D:13)
  12 spriggans (Lair:4)
  6 wyverns
  4 shadows
  6 wraiths
  A golden eye (Slime:2)
  Grum (Lair:1)
  A vampire (D:11)
  44 yaks
  A basilisk (Lair:4)
  14 vampire mosquitoes
  4 wargs (Orc:2)
  A soldier ant (D:14)
  5 water moccasins
  Edmund (D:4)
  39 nagas
  4 insubstantial wisps (Lair:2)
  2 acid dragons
  31 orc warriors
  14 porcupines
  5 eyes of draining
  A meliai simulacrum (D:15)
  A hornet zombie (D:13)
  4 ice beasts
  6 sky beasts
  2 black bears
  2 elephant zombies (Lair:3)
  A necrophage (D:8)
  23 centaurs
  11 ogres
  3 boggarts (Lair:4)
  25 wolves
  15 crocodiles
  A big kobold (D:11)
  12 bullfrogs
  A gnoll sergeant (D:5)
  A wyvern zombie (D:13)
  4 scorpions
  4 wights (D:11)
  12 killer bees
  7 howler monkeys
  9 electric eels
  15 crimson imps
  A quasit (D:12)
  4 centaur zombies
  7 centaur skeletons
  3 hounds
  20 orc priests
  A basilisk zombie (Lair:3)
  3 bullfrog zombies
  6 jellies
  5 bullfrog skeletons
  25 orc wizards
  Natasha (thrice) (D:2)
  5 iguanas
  4 hell rats (D:12)
  11 worker ants
  2 crocodile zombies (Lair:3)
  A hound skeleton (D:9)
  3 worker ant zombies
  Robin (D:4)
  13 gnolls
  A howler monkey skeleton (D:4)
  14 adders
  6 shadow imps
  7 oozes
  3 adder skeletons
  2 dart slugs
  13 leopard geckos
  90 orcs
  A ball python (D:2)
  A bat zombie (D:4)
  2 giant cockroaches
  10 hobgoblins
  10 jackals
  2 quokkas
  13 bats
  4 frilled lizards
  19 goblins
  15 kobolds
  A leopard gecko skeleton (D:8)
  A quokka skeleton (D:5)
  7 rats
  A rat zombie (D:4)
  A fungus (D:9)
  4 plants
1114 creatures vanquished.

Vanquished Creatures (others)
  Eustachio (D:6)
  A slave (D:4)
  A gnoll shaman (D:4)
  A bullfrog skeleton (D:4)
  2 gnolls (D:4)
  A goblin (D:4)
  A frilled lizard (D:4)
  A fungus (Snake:4)
  15 plants
24 creatures vanquished.

Grand Total: 1138 creatures vanquished

Notes
Turn   | Place    | Note
-------+----------+-------------------------------------------
     0 | D:1      | greprep the Minotaur Fighter began the quest for the Orb.
     0 | D:1      | Reached XP level 1. HP: 19/19 MP: 0/0
   115 | D:1      | Reached XP level 2. HP: 18/27 MP: 1/1
   348 | D:1      | Reached skill level 1 in Dodging
   348 | D:1      | Reached XP level 3. HP: 33/33 MP: 2/2
   535 | D:1      | Reached skill level 4 in Shields
  1197 | D:2      | Found a snail-covered altar of Cheibriados.
  1228 | D:2      | Reached XP level 4. HP: 40/40 MP: 4/4
  1512 | D:2      | Found a basalt altar of Yredelemnul.
  1521 | D:2      | Noticed Natasha
  1527 | D:2      | Killed Natasha
  1527 | D:2      | Reached skill level 1 in Spellcasting
  1987 | D:2      | Reached XP level 5. HP: 38/46 MP: 5/5
  2079 | D:2      | Noticed Natasha
  2081 | D:2      | Killed Natasha
  2085 | D:2      | Noticed Natasha
  2090 | D:2      | Killed Natasha
  2417 | D:3      | Reached skill level 5 in Armour
  2417 | D:3      | Reached XP level 6. HP: 44/52 MP: 6/6
  2495 | D:3      | Found a sacrificial altar of Ru.
  2495 | D:3      | Found a hide-covered altar of Uskayaw.
  2811 | D:3      | Reached skill level 5 in Shields
  3147 | D:4      | Noticed a slave
  3150 | D:4      | Noticed Pikel
  3151 | D:4      | Noticed a slave
  3151 | D:4      | Noticed a slave
  3151 | D:4      | Noticed a slave
  3164 | D:4      | Killed Pikel
  3164 | D:4      | Reached XP level 7. HP: 10/60 MP: 6/9
  3436 | D:4      | Reached skill level 6 in Shields
  3442 | D:4      | Found a sparkling altar of Nemelex Xobeh.
  3566 | D:4      | Noticed Edmund
  3594 | D:4      | Killed Edmund
  3740 | D:4      | Found Vuiqugh's Jewellery Boutique.
  3757 | D:4      | Noticed Robin
  3791 | D:4      | Killed Robin
  3796 | D:4      | Got a warped helmet
  3803 | D:4      | Got an encrusted leather armour
  3815 | D:4      | Identified the +3 leather armour "Hitoci" {rN+ Regen+ MP+9 Dex+4} (You took it off a goblin on level 4 of the Dungeon)
  3925 | D:4      | Reached skill level 5 in Fighting
  3925 | D:4      | Reached skill level 5 in Long Blades
  3925 | D:4      | Reached XP level 8. HP: 63/68 MP: 10/10
  4050 | D:4      | Found an ancient bone altar of Kikubaaqudgha.
  4233 | D:4      | Found a radiant altar of Vehumet.
  4233 | D:4      | Found a burning altar of Makhleb.
  4351 | D:5      | Entered Level 5 of the Dungeon
  4352 | D:5      | Found a staircase to the Ecumenical Temple.
  4381 | Temple   | Entered the Ecumenical Temple
  4465 | Temple   | Became a worshipper of Trog the Wrathful
  5007 | D:5      | Found a stormy altar of Qazlal.
  5008 | D:5      | Found a blossoming altar of Fedhas.
  5161 | D:5      | Found Qacudwack's Antique Weapon Shop.
  5171 | D:5      | Bought a slimy falchion for 216 gold pieces
  5171 | D:5      | Identified the +11 falchion "Puazeegi" {slice, *Slow rElec MR+ Stlth+} (You bought it in a shop on level 5 of the Dungeon)
  5321 | D:5      | Reached skill level 5 in Dodging
  5357 | D:5      | Reached skill level 1 in Stealth
  5703 | D:6      | Found Comiam's Weapon Shoppe.
  5789 | D:6      | Reached * piety under Trog
  5792 | D:6      | Reached skill level 7 in Shields
  5878 | D:6      | Reached skill level 1 in Polearms
  6081 | D:6      | Noticed Eustachio
  6101 | D:6      | Reached XP level 9. HP: 75/75 MP: 11/11
  6115 | D:6      | Killed Eustachio
  6961 | D:8      | Noticed a two-headed ogre
  6984 | D:8      | Killed a two-headed ogre
  7133 | D:8      | Reached ** piety under Trog
  7232 | D:8      | Reached XP level 10. HP: 84/84 MP: 12/12
  7247 | D:8      | Noticed a two-headed ogre
  7275 | D:8      | Killed a two-headed ogre
  7738 | D:9      | Got a shimmering trident
  7739 | D:9      | Identified the cursed +0 trident of Saltpetre {pierce, rC+ rN+ Str+6 Dex-3} (You found it on level 9 of the Dungeon)
  7921 | D:9      | Found a staircase to the Lair.
  7927 | D:9      | Reached *** piety under Trog
  7967 | D:9      | Noticed a two-headed ogre
  7989 | D:9      | Killed a two-headed ogre
  7989 | D:9      | Reached skill level 10 in Polearms
  8060 | D:9      | Found a staircase to the Orcish Mines.
  8230 | D:9      | Reached XP level 11. HP: 67/92 MP: 13/13
  8649 | D:10     | Entered Level 10 of the Dungeon
  8759 | D:10     | Noticed Harold
  8767 | D:10     | Killed Harold
  8767 | D:10     | Reached skill level 8 in Shields
  8838 | D:10     | Noticed Maurice
  8846 | D:10     | Killed Maurice
  9009 | D:10     | Found a shattered altar of Ashenzari.
  9014 | D:10     | Reached **** piety under Trog
  9311 | D:11     | Noticed Urug
  9332 | D:11     | Killed Urug
  9424 | D:11     | Found a flagged portal.
  9438 | Bailey   | Entered a bailey
  9452 | Bailey   | Noticed an orc warlord
  9525 | Bailey   | Found a runed gate.
  9527 | Bailey   | Found a runed gate.
  9528 | Bailey   | Found a runed gate.
  9544 | Bailey   | Reached ***** piety under Trog
  9616 | Bailey   | Killed an orc warlord
 10052 | D:11     | Reached skill level 9 in Shields
 10308 | D:11     | Reached XP level 12. HP: 102/102 MP: 14/14
 10388 | D:11     | Noticed a two-headed ogre
 10394 | D:11     | Killed a two-headed ogre
 10415 | D:11     | Noticed Nergalle
 10422 | D:11     | Killed Nergalle
 10507 | D:11     | Reached skill level 10 in Armour
 10558 | D:11     | Noticed an ogre mage
 10566 | D:11     | Killed an ogre mage
 10735 | D:11     | Received a gift from Trog
 11035 | D:11     | Got a clouded marble ring
 11038 | D:11     | Identified the ring "Gozxat" {rCorr *Corrode Str+6} (You found it on level 11 of the Dungeon)
 11633 | D:11     | Got a warped scale mail
 11647 | D:11     | Identified the +2 scale mail "Hinn" {rElec MR+ Str+3 Dex+2} (You found it on level 11 of the Dungeon)
 11887 | D:12     | Noticed a two-headed ogre
 11895 | D:12     | Killed a two-headed ogre
 11895 | D:12     | Reached skill level 10 in Dodging
 13046 | D:12     | Found an opulent altar of Gozag.
 13204 | D:12     | Reached XP level 13. HP: 97/111 MP: 15/15
 13505 | D:13     | Found a gate to the Vaults.
 13536 | D:13     | Reached skill level 10 in Fighting
 13536 | D:13     | Reached skill level 10 in Shields
 15302 | D:13     | Received a gift from Trog
 15302 | D:13     | Reached skill level 11 in Shields
 15734 | D:14     | Found a deep blue altar of Sif Muna.
 15919 | D:14     | Reached skill level 15 in Polearms
 15925 | D:14     | Reached skill level 12 in Shields
 16390 | D:14     | Got a steaming falchion
 16412 | D:14     | Identified the +11 falchion of Ycicann {elec, MP+9 Str+7} (You found it on level 14 of the Dungeon)
 16528 | D:14     | Reached XP level 14. HP: 107/124 MP: 16/16
 16552 | D:14     | Reached skill level 13 in Shields
 17135 | D:15     | Entered Level 15 of the Dungeon
 17142 | D:15     | Got a faintly humming ring mail
 17300 | D:14     | Identified the +7 ring mail "Wirroixeo" {rPois Dex+4 Slay+3 Stlth-} (You found it on level 15 of the Dungeon)
 17933 | D:15     | Reached skill level 14 in Shields
 17941 | D:15     | Found a staircase to the Depths.
 17942 | D:15     | Noticed a fire giant
 18297 | D:15     | Killed a fire giant
 18342 | D:15     | Noticed Agnes
 18354 | D:15     | Killed Agnes
 18772 | D:15     | Reached skill level 10 in Long Blades
 18837 | D:15     | Got a crude war axe
 18838 | D:15     | Identified the +5 war axe of the People {chop, rElec Str-3 Dex+4} (You found it on level 15 of the Dungeon)
 19019 | D:15     | Received a gift from Trog
 19166 | D:15     | Reached skill level 15 in Shields
 19780 | Lair:1   | Entered Level 1 of the Lair of Beasts
 19813 | Lair:1   | Identified 2 scrolls of acquirement
 19818 | Lair:1   | Got a translucent cloak
 19829 | Lair:1   | Identified the +2 cloak "Heaps" {rPois} (You acquired it on level 1 of the Lair of Beasts)
 19855 | Lair:1   | Reached XP level 15. HP: 134/134 MP: 17/17
 20492 | Lair:1   | Noticed Grum
 20513 | Lair:1   | Killed Grum
 21079 | Lair:1   | Reached XP level 16. HP: 133/141 MP: 18/18
 21098 | Lair:1   | Got a pitted hat
 21109 | Lair:1   | Identified the +2 hat of Mirth {rF+ Str+4} (You acquired it on level 1 of the Lair of Beasts)
 21127 | Lair:1   | Reached XP level 17. HP: 148/148 MP: 19/19
 21187 | Lair:1   | Got a sparkling ruby amulet
 21193 | Lair:1   | Identified the amulet "Ethysmov" {Gourm Str+2} (You found it on level 1 of the Lair of Beasts)
 21371 | Lair:1   | Reached skill level 16 in Shields
 21528 | Lair:2   | Found a staircase to the Snake Pit.
 21678 | Lair:2   | Received a gift from Trog
 21897 | Lair:2   | Found a staircase to the Swamp.
 24194 | Lair:4   | Reached ****** piety under Trog
 24211 | Lair:4   | Received a gift from Trog
 24778 | Lair:5   | Reached skill level 17 in Shields
 25292 | Lair:6   | Entered Level 6 of the Lair of Beasts
 26117 | Lair:6   | Found a staircase to the Slime Pits.
 26975 | Orc:1    | Entered Level 1 of the Orcish Mines
 26982 | Orc:1    | Received a gift from Trog
 27181 | Orc:2    | Entered Level 2 of the Orcish Mines
 27237 | Orc:2    | Reached skill level 18 in Shields
 27254 | Orc:2    | Found Bauda's Antique Weapon Emporium.
 27279 | Orc:1    | Found a radiant altar of Vehumet.
 27932 | Orc:2    | Found a staircase to the Elven Halls.
 27944 | Orc:2    | Found a roughly hewn altar of Beogh.
 28291 | Orc:2    | Found Sysoseleus's Antique Armour Shoppe.
 28305 | Orc:2    | Received a gift from Trog
 28308 | Orc:2    | Found Ysaigyg's Jewellery Shoppe.
 28321 | Orc:2    | Bought an encrusted ring mail for 270 gold pieces
 28331 | Orc:2    | Identified the +5 ring mail of the Lily {rC+ Int+3} (You bought it in a shop on level 2 of the Orcish Mines)
 28339 | Orc:2    | Bought a steaming leather armour for 210 gold pieces
 28344 | Orc:2    | Identified the +1 leather armour "Pousis" {rElec Int+4} (You bought it in a shop on level 2 of the Orcish Mines)
 28367 | Orc:2    | Found Zeypatae's General Store.
 28374 | Orc:2    | Bought a scroll of teleportation for 36 gold pieces
 28374 | Orc:2    | Bought a scroll of teleportation for 36 gold pieces
 28391 | Orc:2    | Bought the ring of Neny {*Drain rF+ MR+ Str+3 Dex+3} for 624 gold pieces
 28495 | Orc:2    | Found Jugg's Antique Weapon Shoppe.
 28501 | Orc:2    | Bought a faintly glowing spear for 200 gold pieces
 28501 | Orc:2    | Bought a shimmering mace for 200 gold pieces
 28501 | Orc:2    | Identified the +1 mace of Uncertain Death {pain, Int+2} (You bought it in a shop on level 2 of the Orcish Mines)
 28502 | Orc:2    | Identified the +6 spear of Embarrassment {pierce, +Blink rElec Int+3 Dex-3} (You bought it in a shop on level 2 of the Orcish Mines)
 29190 | Snake:1  | Entered Level 1 of the Snake Pit
 29429 | Snake:1  | Noticed Aizul
 29443 | Snake:1  | Killed Aizul
 29608 | Snake:1  | Noticed salade2fruit's ghost (journeyman FeVM)
 29630 | Snake:1  | Killed salade2fruit's ghost
 29630 | Snake:1  | Received a gift from Trog
 29984 | Snake:1  | Noticed Donald
 29997 | Snake:1  | Killed Donald
 30042 | Snake:1  | Reached XP level 18. HP: 154/158 MP: 20/20
 30059 | Snake:1  | Found a glowing golden altar of the Shining One.
 30522 | Snake:2  | Reached skill level 19 in Shields
 30760 | Snake:2  | Got a scorched falchion
 30792 | Snake:2  | Identified the +0 falchion of Punishment {protect, rF+ Str-5 SInv} (You found it on level 2 of the Snake Pit)
 31263 | Snake:3  | Noticed Saint Roka
 31627 | Snake:2  | Killed Saint Roka
 32386 | Snake:3  | Noticed Vashnia
 32415 | Snake:3  | Reached skill level 20 in Shields
 32430 | Snake:3  | Received a gift from Trog
 32435 | Snake:3  | Killed Vashnia
 32466 | Snake:3  | Got an ancient double sword {god gift}
 32472 | Snake:3  | Identified the +10 double sword of Accord {elec, *Noise rPois Int+10 SInv} (Trog gifted it to you on level 3 of the Snake Pit)
 32497 | Snake:3  | Found Vepixigho's Jewellery Shop.
 32497 | Snake:3  | Found Yleogode's Gadget Emporium.
 32499 | Snake:3  | Found Ischeap's Jewellery Shop.
 33076 | Snake:4  | Entered Level 4 of the Snake Pit
 33515 | Snake:4  | Reached skill level 15 in Long Blades
 33603 | Snake:4  | Reached skill level 21 in Shields
 33685 | Snake:4  | Received a gift from Trog
 34081 | Snake:4  | Got a heavily runed scarf
 34092 | Snake:4  | Identified the scarf of Kiushriess {rC+ Str+3} (You acquired it on level 4 of the Snake Pit)
 34109 | Snake:4  | Got a serpentine rune of Zot
 34197 | Snake:4  | Reached XP level 19. HP: 168/168 MP: 21/21
 34540 | Slime:1  | Entered Level 1 of the Pits of Slime
 34544 | Slime:1  | Gained mutation: Your mind is acute. (Int +2) [a shining eye]
 34546 | Slime:1  | Gained mutation: Your body sometimes deteriorates upon taking damage. [a shining eye]
 34547 | Slime:1  | Gained mutation: Your spells are a little easier to cast, but a little less powerful. [a shining eye]
 34553 | Slime:1  | Gained mutation: Your spells are easier to cast, but less powerful. [a shining eye]
 34554 | Slime:1  | Gained mutation: You expend magic power (3 MP) to strengthen your wands. [a shining eye]
 34747 | Slime:1  | Reached skill level 22 in Shields
 34757 | Slime:1  | Gained mutation: You are frail. (-10% HP) [a shining eye]
 34782 | Slime:1  | Received a gift from Trog
 34788 | Slime:1  | Got a warped trident {god gift}
 34789 | Slime:1  | Identified the +4 trident "Ihohia" {flame, rC+ rN+ MR++ Stlth-} (Trog gifted it to you on level 1 of the Pits of Slime)
 34885 | Slime:1  | You fall through a shaft!
 35375 | Slime:2  | Gained mutation: Armour fits poorly on your strangely shaped body. [a shining eye]
 36518 | Slime:3  | Reached skill level 15 in Fighting
 36534 | Slime:3  | Received a gift from Trog
 36543 | Slime:3  | Got a jewelled falchion {god gift}
 36548 | Slime:3  | Identified the +7 falchion of Precise Incision {freeze, Int+4 Dex+2} (Trog gifted it to you on level 3 of the Pits of Slime)
 37491 | Slime:4  | Found a viscous altar of Jiyva.
 37808 | Slime:3  | HP: 5/153 [slime creature (14)]
 37818 | Slime:2  | Gained mutation: Your spells are much easier to cast, but much less powerful. [a shining eye]
 38632 | Slime:4  | HP: 5/153 [slime creature (9)]
 38633 | Slime:4  | Splashed with acid

Skill      XL: |  1  2  3  4  5  6  7  8  9 10 11 12 13 14 15 16 17 18 19 |
---------------+----------------------------------------------------------+-----
Armour         | 4 5 6 7 8 9 10 11 12 | 12.3
Dodging        | 1 2 3 4 5 6 7 8 10 11 | 11.6
Shields        | 4 5 6 7 9 12 15 18 21 22 | 22.6
Fighting       | 4 5 6 7 8 9 11 12 13 14 15 | 15.4
Long Blades    | 3 4 5 6 7 11 14 15 | 15.9
Spellcasting   | 1 2 |  2.3
Stealth        | 1 2 3 |  3.8
Polearms       | 1 7 10 13 14 15 | 15.1

Action                   |  1- 3 |  4- 6 |  7- 9 | 10-12 | 13-15 | 16-18 | 19-21 || total
-------------------------+-------+-------+-------+-------+-------+-------+-------++-------
Melee: Long sword        |    90 |   113 |   146 |       |       |       |       ||   349
       Headbutt          |    17 |    23 |    65 |   155 |   213 |   403 |   149 ||  1025
       Falchion          |       |       |    38 |       |   338 |  1179 |   318 ||  1873
       Trident           |       |       |   114 |   538 |   285 |       |       ||   937
       Great sword       |       |       |       |    69 |       |       |       ||    69
Invok: Burn Spellbooks   |       |       |       |     3 |     4 |     3 |       ||    10
       Trog's Hand       |       |       |       |       |       |     4 |     2 ||     6
       Berserk           |       |       |       |       |       |     1 |       ||     1
       Brothers in Arms  |       |       |       |       |       |     1 |       ||     1
  Use: Scroll            |       |       |     3 |    11 |    15 |    24 |     2 ||    55
       Potion            |       |       |       |       |     3 |     5 |     8 ||    16
 Stab: Sleeping          |       |       |     3 |     3 |       |       |     1 ||     7
       Distracted        |       |       |       |     3 |     1 |       |       ||     4
  Eat: Bread ration      |       |     1 |     1 |       |       |       |       ||     2
       Chunk             |       |     2 |     5 |     8 |    29 |    16 |       ||    60
       Royal jelly       |       |       |     1 |     2 |       |     2 |     5 ||    10
       Fruit             |       |       |     1 |       |       |    13 |     4 ||    18
       Meat ration       |       |       |     1 |     1 |       |     2 |       ||     4
Armor: Scale mail        |    33 |    53 |       |    23 |    82 |       |       ||   191
       Plate armour      |       |    36 |    34 |       |       |   140 |       ||   210
       Leather armour    |       |       |    42 |    77 |       |       |       ||   119
       Ring mail         |       |       |       |       |    27 |    24 |    22 ||    73
Dodge: Dodged            |    37 |    58 |   109 |   242 |   157 |   217 |    63 ||   883
       Deflected         |       |       |     5 |     6 |     9 |    30 |     3 ||    53
Block: Shield            |    51 |    86 |   144 |   230 |    38 |       |       ||   549
       Large shield      |       |       |       |       |   607 |  1344 |   274 ||  2225
       Rpst.: Long sword |     8 |    17 |    14 |       |       |       |       ||    39
       Falchion          |       |       |     3 |       |    17 |    29 |    11 ||    60
       Great sword       |       |       |       |    14 |       |       |       ||    14
